[Event "NOR-chT Eliteserien 2018-19"]
[Site "Norway"]
[Date "2018.11.02"]
[Round "1.1"]
[White "Howell, David W L"]
[Black "Ostmoe, Geir Sune Tallaksen"]
[Result "1-0"]
[ECO "C55"]
[WhiteElo "2697"]
[BlackElo "2440"]
[Annotator "broadcasts RC"]
[PlyCount "71"]
[EventDate "2018.11.02"]
[EventType "team-tourn"]
[EventCountry "NOR"]
[TimeControl "40/5400+30:1800+30"]

1. e4 e5 2. Nf3 Nc6 3. Bc4 Nf6 4. d3 Be7 5. O-O O-O 6. a4 d6 7. a5 a6 8. Re1 h6 9. Nc3 Be6 10. Nd5 Qd7 11. c3 Bd8 12. Qb3 Rb8 13. d4 Bg4 14. dxe5 dxe5 15. Qd1 Ne8 16. h3 Bh5 17. b3 Nd6 18. Nxe5 Nxe5 19. Qxh5 Ndxc4 20. bxc4 Nxc4 21. Bf4 Rc8 22. Red1 Qe6 23. Rd4 Nxa5 24. Rxa5 c6 25. Ra1 cxd5 26. exd5 Qg6 27. Qf3 Bf6 28. Rd3 Rc4 29. Bg3 Rfc8 30. d6 b5 31. d7 Rd8 32. Rxa6 b4 33. cxb4 Rxb4 34. Rxf6 gxf6 35. Bc7 Rb1+ 36. Kh2 1-0

[Event "NOR-chT Eliteserien 2018-19"]
[Site "Norway"]
[Date "2018.11.02"]
[Round "1.2"]
[White "Tisdall, Jonathan D"]
[Black "Predojevic, Borki"]
[Result "1/2-1/2"]
[ECO "A15"]
[WhiteElo "2400"]
[BlackElo "2626"]
[Annotator "broadcasts"]
[PlyCount "50"]
[EventDate "2018.11.02"]
[EventType "team-tourn"]
[EventCountry "NOR"]
[TimeControl "40/5400+30:1800+30"]

1. Nf3 Nf6 2. c4 b6 3. g3 Bb7 4. Bg2 g6 5. d4 Bg7 6. O-O O-O 7. Nc3 Ne4 8. Nxe4 Bxe4 9. Bg5 c5 10. Qd2 cxd4 11. Nxd4 Bxg2 12. Kxg2 Re8 13. Rad1 Qc8 14. b3 Qb7+ 15. f3 d5 16. cxd5 Qxd5 17. Qe3 Nc6 18. Nxc6 Qxc6 19. Rc1 Qb7 20. Rfd1 Rac8 21. Rxc8 Qxc8 22. Qd2 Qe6 23. Qe3 Qc8 24. Qd2 Qe6 25. Qe3 Qc8 1/2-1/2

[Event "NOR-chT Eliteserien 2018-19"]
[Site "Norway"]
[Date "2018.11.02"]
[Round "1.4"]
[White "Hammerstad, Asmund"]
[Black "Christiansen, Johan-Sebastian"]
[Result "0-1"]
[ECO "D39"]
[WhiteElo "2207"]
[BlackElo "2544"]
[Annotator "broadcasts"]
[PlyCount "78"]
[EventDate "2018.11.02"]
[EventType "team-tourn"]
[EventCountry "NOR"]
[TimeControl "40/5400+30:1800+30"]

1. d4 Nf6 2. Nf3 d5 3. c4 e6 4. Bg5 Bb4+ 5. Nc3 dxc4 6. e3 b5 7. a4 c6 8. g3 Nbd7 9. Bg2 Qb6 10. Bxf6 Nxf6 11. O-O O-O 12. Qc2 Bb7 13. Ne5 Bd6 14. f4 a6 15. Ne4 Bxe5 16. fxe5 Nxe4 17. Bxe4 h6 18. Rf4 c5 19. Raf1 cxd4 20. a5 Qa7 21. Bh7+ Kh8 22. exd4 Rad8 23. Bg6 Ba8 24. Qf2 Rd7 25. Bb1 Rfd8 26. Rd1 Qb7 27. Be4 Qc7 28. Bxa8 Rxa8 29. h4 Rad8 30. Qe3 b4 31. Rf6 Kg8 32. Rxh6 c3 33. bxc3 bxc3 34. Rh5 c2 35. Rc1 Rxd4 36. Rg5 Rd1+ 37. Kh2 R8d2+ 38. Kh3 Rxc1 39. Rxg7+ Kxg7 0-1

[Event "NOR-chT Eliteserien 2018-19"]
[Site "Norway"]
[Date "2018.11.02"]
[Round "1.18"]
[White "Gabrielsen, Trond"]
[Black "Storme, Isak"]
[Result "1/2-1/2"]
[ECO "C50"]
[WhiteElo "2291"]
[BlackElo "2319"]
[Annotator "broadcasts RC"]
[PlyCount "46"]
[EventDate "2018.11.02"]
[EventType "team-tourn"]
[EventCountry "NOR"]
[TimeControl "40/5400+30:1800+30"]

1. e4 e5 2. Nf3 Nc6 3. Bc4 Bc5 4. O-O Nf6 5. d3 O-O 6. c3 d6 7. a4 a5 8. h3 h6 9. Bb3 Be6 10. Bc2 d5 11. Nbd2 Qd7 12. Nxe5 Nxe5 13. d4 Bxh3 14. dxe5 Bg4 15. Qe1 Nh5 16. Nb3 Bb6 17. Be3 Bf3 18. Nd2 Bxg2 19. Kxg2 Qg4+ 20. Kh2 Qh4+ 21. Kg2 Qg4+ 22. Kh2 Qh4+ 23. Kg2 Qg4+ 1/2-1/2

[Event "NOR-chT Eliteserien 2018-19"]
[Site "Norway"]
[Date "2018.11.02"]
[Round "1.19"]
[White "Notkevich, Benjamin Arvola"]
[Black "Stojanovic, Mihajlo"]
[Result "1/2-1/2"]
[ECO "E16"]
[WhiteElo "2506"]
[BlackElo "2523"]
[Annotator "broadcasts RC"]
[PlyCount "40"]
[EventDate "2018.11.02"]
[EventType "team-tourn"]
[EventCountry "NOR"]
[TimeControl "40/5400+30:1800+30"]

1. d4 Nf6 2. c4 e6 3. Nf3 Bb4+ 4. Bd2 a5 5. g3 b6 6. Bg2 Bb7 7. O-O Bxd2 8. Qxd2 O-O 9. Rd1 d6 10. Qc2 Be4 11. Qc1 Bb7 12. d5 exd5 13. Nh4 Ba6 14. Nc3 Bxc4 15. b3 Ba6 16. Nxd5 Nxd5 17. Bxd5 c6 18. Bf3 Qf6 19. Qe3 d5 20. Qxb6 Nd7 1/2-1/2

[Event "NOR-chT Eliteserien 2018-19"]
[Site "Norway"]
[Date "2018.11.02"]
[Round "1.20"]
[White "David, Edwin"]
[Black "Vestby-Ellingsen, Mads"]
[Result "1/2-1/2"]
[ECO "D85"]
[WhiteElo "2218"]
[BlackElo "2385"]
[Annotator "broadcasts RC"]
[PlyCount "35"]
[EventDate "2018.11.02"]
[EventType "team-tourn"]
[EventCountry "NOR"]
[TimeControl "40/5400+30:1800+30"]

1. d4 Nf6 2. c4 g6 3. Nc3 d5 4. cxd5 Nxd5 5. e4 Nxc3 6. bxc3 Bg7 7. Be3 c5 8. Nf3 Bg4 9. Rc1 Qa5 10. Qd2 Bxf3 11. gxf3 Nc6 12. d5 Ne5 13. Be2 c4 14. f4 Nd7 15. Bd4 O-O 16. Bxg7 Kxg7 17. Bxc4 Rac8 18. Be2 1/2-1/2

[Event "NOR-chT Eliteserien 2018-19"]
[Site "Norway"]
[Date "2018.11.02"]
[Round "1.21"]
[White "Lund, Gunnar"]
[Black "Dahl, Trygve"]
[Result "1-0"]
[ECO "B31"]
[WhiteElo "2227"]
[BlackElo "2283"]
[Annotator "broadcasts"]
[PlyCount "61"]
[EventDate "2018.11.02"]
[EventType "team-tourn"]
[EventCountry "NOR"]
[TimeControl "40/5400+30:1800+30"]

1. e4 c5 2. Nf3 Nc6 3. Bb5 g6 4. Bxc6 bxc6 5. O-O Bg7 6. Re1 Nh6 7. c3 O-O 8. h3 d5 9. d3 Ba6 10. Be3 d4 11. Bf4 f6 12. cxd4 cxd4 13. Bxh6 Bxh6 14. Qa4 Bb5 15. Qxd4 e5 16. Qc5 Qxd3 17. a4 Qc4 18. Qd6 Bxa4 19. Nbd2 Bxd2 20. Nxd2 Qc2 21. Rec1 Qxb2 22. Nc4 Qb5 23. Rab1 Qa6 24. Qe6+ Kh8 25. Nd6 Qd3 26. Nf7+ Kg7 27. Rb7 Rab8 28. Nxe5+ Rxb7 29. Nxd3 Bb5 30. Nc5 Rbf7 31. Nd7 1-0

[Event "NOR-chT Eliteserien 2018-19"]
[Site "Norway"]
[Date "2018.11.02"]
[Round "1.23"]
[White "Machlik, Edit"]
[Black "Rygg, Andreas Gangstad"]
[Result "1-0"]
[ECO "D82"]
[WhiteElo "2110"]
[BlackElo "1845"]
[Annotator "broadcasts"]
[PlyCount "173"]
[EventDate "2018.11.02"]
[EventType "team-tourn"]
[EventCountry "NOR"]
[TimeControl "40/5400+30:1800+30"]

1. d4 Nf6 2. c4 g6 3. Nc3 d5 4. Bf4 c6 5. e3 Bg7 6. Nf3 O-O 7. Bd3 Nbd7 8. cxd5 Nxd5 9. Nxd5 cxd5 10. O-O Nf6 11. h3 Bd7 12. Qb3 Qb6 13. Ne5 Qxb3 14. axb3 Rfc8 15. Bg5 Be8 16. Rfc1 a6 17. Rc3 h6 18. Bh4 g5 19. Bg3 Nd7 20. Nf3 e6 21. Rac1 Nb6 22. Bc7 Nd7 23. Bd6 Nb6 24. h4 g4 25. Ne5 h5 26. Be2 Rxc3 27. bxc3 Bxe5 28. Bxe5 Rc8 29. f3 f5 30. Kf2 Nd7 31. Bf4 Nf6 32. Ke1 Kf7 33. Kd2 Bd7 34. Be5 Ng8 35. fxg4 hxg4 36. g3 Nf6 37. Bd3 Ke7 38. Ra1 Rf8 39. Rf1 Bc6 40. Bf4 Kd7 41. Ra1 Nh5 42. Ra5 Rc8 43. Be5 Ke7 44. b4 Nf6 45. Bxf6+ Kxf6 46. Kc2 Ke7 47. b5 axb5 48. Bxb5 Kd6 49. Bd3 Rh8 50. Ra1 Rc8 51. Kb3 Re8 52. Kc2 Rc8 53. Kd2 Rh8 54. Ra5 Rc8 55. Ra7 Rb8 56. Bc2 Rc8 57. Ba4 Bxa4 58. Rxa4 e5 59. dxe5+ Kxe5 60. Kd3 Kd6 61. Ra7 Kc6 62. Ra4 Kd6 63. Rb4 Rc7 64. Kd4 Re7 65. Rb6+ Kc7 66. Rf6 Re4+ 67. Kd3 Re5 68. Kd4 Re4+ 69. Kd3 Re5 70. h5 Kd7 71. h6 Re7 72. Rxf5 Ke6 73. Rh5 Rh7 74. Kd4 b6 75. Re5+ Kf7 76. Rh5 Ke6 77. Kd3 Kd6 78. Kc2 Ke6 79. Kb3 Kd6 80. Kb4 Kc6 81. Ka3 Kd6 82. Kb3 Kc7 83. Kc2 Kd6 84. Kd3 Ke6 85. Kd4 Kf6 86. Kxd5 Rc7 87. Kd4 1-0

[Event "NOR-chT Eliteserien 2018-19"]
[Site "Norway"]
[Date "2018.11.02"]
[Round "1.26"]
[White "Hauge, Lars Oskar"]
[Black "Mikalsen, Erlend"]
[Result "1-0"]
[ECO "E32"]
[WhiteElo "2449"]
[BlackElo "2368"]
[Annotator "broadcasts RC"]
[PlyCount "67"]
[EventDate "2018.11.02"]
[EventType "team-tourn"]
[EventCountry "NOR"]
[TimeControl "40/5400+30:1800+30"]

1. d4 Nf6 2. c4 e6 3. Nc3 Bb4 4. Qc2 O-O 5. e4 d6 6. Nf3 e5 7. Bd3 exd4 8. Nxd4 Nc6 9. Nxc6 bxc6 10. O-O Bc5 11. Be2 Qe7 12. Bf4 Re8 13. Bf3 Bg4 14. Bxg4 Nxg4 15. Rad1 Qf6 16. Qd2 Bb4 17. Bg3 Bxc3 18. bxc3 Ne5 19. c5 dxc5 20. f4 Nc4 21. Qe2 Qe6 22. e5 Nd6 23. Bf2 f6 24. Rfe1 fxe5 25. fxe5 Nf7 26. Bxc5 Qxe5 27. Qf2 Qxc3 28. Rf1 Qc4 29. Rd7 Ne5 30. Rxc7 a5 31. Bd4 Rad8 32. Rxg7+ Kxg7 33. Qg3+ Kh6 34. Be3+ 1-0

[Event "NOR-chT Eliteserien 2018-19"]
[Site "Norway"]
[Date "2018.11.02"]
[Round "1.28"]
[White "Getz, Nicolai"]
[Black "Klukin, Kirill"]
[Result "1/2-1/2"]
[ECO "B32"]
[WhiteElo "2392"]
[BlackElo "2313"]
[Annotator "broadcasts RC"]
[PlyCount "169"]
[EventDate "2018.11.02"]
[EventType "team-tourn"]
[EventCountry "NOR"]
[TimeControl "40/5400+30:1800+30"]

1. e4 c5 2. Nf3 Nc6 3. d4 cxd4 4. Nxd4 e5 5. Nb5 d6 6. c4 Be7 7. N1c3 a6 8. Na3 Be6 9. Nd5 Nf6 10. Bd3 O-O 11. O-O Nd7 12. Nxe7+ Qxe7 13. Nc2 Nc5 14. b3 Rac8 15. Ne3 Rfd8 16. Bb2 b5 17. Nd5 Qb7 18. Rc1 b4 19. Bb1 f6 20. Qf3 Bf7 21. Qg4 Kh8 22. Rce1 Ne6 23. Re3 Ned4 24. Rfe1 Be6 25. Qh4 a5 26. Rd3 Rf8 27. Ne3 Rcd8 28. Nc2 Nxc2 29. Bxc2 Rd7 30. Bd1 Ne7 31. Bg4 Ng6 32. Qg3 Nf4 33. Rf3 Bxg4 34. Qxg4 h5 35. Qg3 g5 36. h3 Rg8 37. Qh2 Rf7 38. g3 Nxh3+ 39. Qxh3 g4 40. Qxh5+ Rh7 41. Qf5 gxf3 42. Qxf6+ Qg7 43. Qxf3 Rf8 44. Qg2 Qa7 45. Re3 Kg8 46. Rf3 Rhf7 47. Rxf7 Rxf7 48. Qf1 a4 49. Qe2 axb3 50. axb3 Kf8 51. Kg2 Ke8 52. Bc1 Qa1 53. Bd2 Rh7 54. Be1 Qc1 55. Qg4 Qh6 56. Kf1 Rg7 57. Qc8+ Ke7 58. Qb7+ Kf6 59. Qd5 Qh3+ 60. Ke2 Qg4+ 61. f3 Qe6 62. Qd2 Rb7 63. g4 Ke7 64. Qa2 Qc8 65. Qa6 Kd7 66. Qa1 Rb8 67. Bd2 Ra8 68. Qh1 Kc6 69. Qb1 Qh8 70. Be3 Ra3 71. Qc2 Qh2+ 72. Bf2 Qg2 73. c5 Ra5 74. cxd6+ Kxd6 75. Ke3 Qf1 76. Qd2+ Kc6 77. Qxb4 Qc1+ 78. Qd2 Qxd2+ 79. Kxd2 Ra2+ 80. Ke3 Rb2 81. Bg3 Kd6 82. Be1 Rxb3+ 83. Kf2 Ke6 84. Kg3 Ra3 85. Bf2 1/2-1/2

[Event "NOR-chT Eliteserien 2018-19"]
[Site "Norway"]
[Date "2018.11.02"]
[Round "1.29"]
[White "Nielsen, Andre"]
[Black "Abdrlauf, Elham"]
[Result "1-0"]
[ECO "B15"]
[WhiteElo "2260"]
[BlackElo "2160"]
[Annotator "broadcasts"]
[PlyCount "161"]
[EventDate "2018.11.02"]
[EventType "team-tourn"]
[EventCountry "NOR"]
[TimeControl "40/5400+30:1800+30"]

1. e4 c6 2. d4 d5 3. Nc3 dxe4 4. Nxe4 Nf6 5. Nxf6+ exf6 6. Bc4 Bd6 7. Qe2+ Qe7 8. Qxe7+ Kxe7 9. Nf3 Bf5 10. c3 Nd7 11. O-O Rhe8 12. Bd2 Kf8 13. Rfd1 Bg4 14. Bf1 f5 15. Rac1 Nf6 16. c4 Ne4 17. Be1 g5 18. Rd3 Bxf3 19. Rxf3 f4 20. Rb3 b6 21. Bd3 g4 22. f3 gxf3 23. gxf3 Ng5 24. Bf1 Re3 25. Kf2 Ne6 26. Rd1 Nxd4 27. Rxd4 Bc5 28. Bb4 Rxb3 29. axb3 Bxb4 30. Rxf4 Rd8 31. Re4 Rd1 32. h3 Rb1 33. Re2 Bc5+ 34. Kg2 Bd4 35. Rd2 c5 36. Bd3 Rg1+ 37. Kh2 h6 38. Be4 Re1 39. Kg3 Re3 40. b4 Rb3 41. b5 Ke7 42. Kg4 Bxb2 43. Kf5 Bc3 44. Rd3 Ra3 45. Bc6 Bb2 46. Rd7+ Kf8 47. Bd5 Ke8 48. Rb7 Re3 49. Rxa7 Re5+ 50. Kf4 Re7 51. Ra6 Be5+ 52. Kg4 Bc7 53. Kh5 Re1 54. Ra7 Kd7 55. Bxf7 Rh1 56. h4 Kd8 57. Kg4 Rg1+ 58. Kf5 Rh1 59. h5 Rf1 60. Bd5 Rg1 61. Kf6 Bf4 62. Be6 Rd1 63. Ra8+ Kc7 64. Rc8+ Kb7 65. Rg8 Re1 66. Rg7+ Kb8 67. Rf7 Rd1 68. Bd5 Kc8 69. Kg6 Rg1+ 70. Kh7 Be3 71. f4 Kd8 72. Kxh6 Rg4 73. Be6 Bxf4+ 74. Kh7 Rh4 75. Kg6 Be3 76. Rb7 Rh1 77. Rxb6 Rg1+ 78. Kh7 Bd4 79. h6 Ke7 80. Bd5 Be5 81. Re6+ 1-0